MID
DAYTON DRAGONS @ PEORIA CHIEFS
06/18/2048
 
TOP OF THE 1ST
Dayton Dragons batting - Pitching for Peoria Chiefs : RHP Gareth Haigh
Pitching: RHP Gareth Haigh
Batting: LHB Matt Kennedy 0-0: Ball
1-0: Called Strike
1-1: Foul Ball, location: 2F
1-2: Ball
2-2: Ball
3-2: Base on Balls
Batting: LHB Leo Gomez 0-0: Fielders Choice at 2nd, 4-6 (Groundball, 4, EV 101.2 MPH)
Batting: LHB Chris Redhead 0-0: Ground out 4-3 (Groundball, 34S, EV 77.5 MPH)
Leo Gomez to second
Batting: RHB Mark Williams 0-0: Called Strike
0-1: Ball
1-1: Foul Ball, location: 2F
1-2: Foul Ball, location: 2F
1-2: SINGLE (Line Drive, 8LS, EV 86.9 MPH)
Leo Gomez to third
Batting: RHB Chris Zamora 0-0: Ball
1-0: Ground out 5-3 (Groundball, 15, EV 87.5 MPH)
Top of the 1st over - 0 runs, 1 hit, 0 errors, 2 left on base; Dayton 0 - Peoria 0
BOTTOM OF THE 1ST
Peoria Chiefs batting - Pitching for Dayton Dragons : LHP Josue Silva
Pitching: LHP Josue Silva
Batting: LHB Tsutomu Miyahara 0-0: Fly out, F9 (Flyball, 89M, EV 96.2 MPH)
Batting: RHB Tommy Tracy 0-0: Ball
1-0: Called Strike
1-1: Ball
2-1: Ground out U3 (Groundball, 34D, EV 85.0 MPH)
Batting: RHB Jonathan Davis 0-0: Foul Ball, location: 2F
0-1: Hit by Pitch
Batting: SHB Gerardo Macias 0-0: Ball
1-0: Swinging Strike
1-1: Ball
2-1: Called Strike
2-2: Ball
3-2: Fly out, F7 (Flyball, 78M, EV 81.9 MPH)
Bottom of the 1st over - 0 runs, 0 hits, 0 errors, 1 left on base; Dayton 0 - Peoria 0
TOP OF THE 2ND
Dayton Dragons batting - Pitching for Peoria Chiefs : RHP Gareth Haigh
Batting: LHB Ray Walden 0-0: Foul Ball, location: 2F
0-1: Called Strike
0-2: Strikes out looking
Batting: RHB Juan Zamora 0-0: Ball
1-0: Foul Ball, location: 2F
1-1: Ground out 6-3 (Groundball, 6, EV 80.0 MPH)
Batting: RHB Ernie Maldonado 0-0: Ball
1-0: Foul Ball, location: 2F
1-1: Foul Ball, location: 2F
1-2: Ball
2-2: Foul Ball, location: 2F
2-2: SINGLE (Line Drive, 4D, EV 95.6 MPH)
Batting: RHB Yutaka Sato 0-0: Ball
1-0: Called Strike
1-1: Fly out, F9 (Flyball, 9, EV 96.9 MPH)
Top of the 2nd over - 0 runs, 1 hit, 0 errors, 1 left on base; Dayton 0 - Peoria 0
BOTTOM OF THE 2ND
Peoria Chiefs batting - Pitching for Dayton Dragons : LHP Josue Silva
Batting: RHB Kalidas Mishra 0-0: Ball
1-0: Ball
2-0: Foul Ball, location: 2F
2-1: SINGLE (Groundball, 6M, EV 86.9 MPH) (infield hit)
Batting: RHB Edgar Landim 0-0: Ball
Kalidas Mishra steals 2nd, throwing error, E2
Kalidas Mishra to third
1-0: Called Strike
1-1: Called Strike
1-2: Strikes out swinging
Batting: RHB Josh Broome 0-0: Called Strike
0-1: Swinging Strike
0-2: Ball
1-2: Foul Ball, location: 2F
1-2: Strikes out swinging
Batting: RHB Richard Riggs 0-0: Ball
1-0: Foul Ball, location: 2F
1-1: Foul Ball, location: 2F
1-2: Ball
2-2: Strikes out swinging
Bottom of the 2nd over - 0 runs, 1 hit, 1 error, 1 left on base; Dayton 0 - Peoria 0
TOP OF THE 3RD
Dayton Dragons batting - Pitching for Peoria Chiefs : RHP Gareth Haigh
Batting: LHB Matt Kennedy 0-0: Fly out, F8 (Flyball, 8RS, EV 97.5 MPH)
Batting: LHB Leo Gomez 0-0: Ball
1-0: Fly out, F8 (Line Drive, 78S, EV 97.5 MPH)
Batting: LHB Chris Redhead 0-0: Foul Ball, location: 2F
0-1: Ball
1-1: Ball
2-1: Ground out 6-3 (Groundball, 6, EV 86.2 MPH)
Top of the 3rd over - 0 runs, 0 hits, 0 errors, 0 left on base; Dayton 0 - Peoria 0
BOTTOM OF THE 3RD
Peoria Chiefs batting - Pitching for Dayton Dragons : LHP Josue Silva
Batting: LHB Dana McDonald 0-0: Called Strike
0-1: Ball
1-1: Swinging Strike
1-2: SINGLE (Groundball, 4M, EV 106.9 MPH) (infield hit)
Batting: LHB Tsutomu Miyahara 0-0: Called Strike
Dana McDonald steals 2nd base (no throw)
0-1: Foul Ball, location: 2F
0-2: Ball
1-2: Ball
2-2: Strikes out swinging
Batting: RHB Tommy Tracy 0-0: Ball
1-0: Ball
2-0: Ball
3-0: Base on Balls
Batting: RHB Jonathan Davis 0-0: Ball
1-0: Ball
2-0: Called Strike
2-1: Foul Ball, location: 2F
2-2: SINGLE (Line Drive, 9S, EV 87.5 MPH)
Dana McDonald to third
Tommy Tracy to second
Runner from 3rd tries for Home, throw by RF and OUT! 9-2
Batting: SHB Gerardo Macias 0-0: Foul Ball, location: 2F
0-1: Swinging Strike
0-2: Ball
1-2: Foul Ball, location: 2F
1-2: Strikes out swinging
Bottom of the 3rd over - 0 runs, 2 hits, 0 errors, 2 left on base; Dayton 0 - Peoria 0
TOP OF THE 4TH
Dayton Dragons batting - Pitching for Peoria Chiefs : RHP Gareth Haigh
Batting: RHB Mark Williams 0-0: Foul Ball, location: 2F
0-1: Ground out 6-3 (Groundball, 6, EV 84.4 MPH)
Batting: RHB Chris Zamora 0-0: Ball
1-0: Called Strike
1-1: Ball
2-1: Called Strike
2-2: Strikes out swinging
Batting: LHB Ray Walden 0-0: Fly out, F9 (Flyball, 89M, EV 94.4 MPH)
Top of the 4th over - 0 runs, 0 hits, 0 errors, 0 left on base; Dayton 0 - Peoria 0
BOTTOM OF THE 4TH
Peoria Chiefs batting - Pitching for Dayton Dragons : LHP Josue Silva
Batting: RHB Kalidas Mishra 0-0: Ball
1-0: Ball
2-0: Ball
3-0: Foul Ball, location: 2F
3-1: Base on Balls
Batting: RHB Edgar Landim 0-0: Foul Ball, location: 2F
0-1: Swinging Strike
0-2: Foul Ball, location: 2F
0-2: Fly out, F8 (Flyball, 8LM, EV 88.8 MPH)
Batting: RHB Josh Broome 0-0: Swinging Strike
0-1: Ball
1-1: Foul Ball, location: 2F
1-2: Ball
Kalidas Mishra is caught stealing 2nd base 2-4
2-2: Foul Ball, location: 2F
2-2: Strikes out looking
Bottom of the 4th over - 0 runs, 0 hits, 0 errors, 0 left on base; Dayton 0 - Peoria 0
TOP OF THE 5TH
Dayton Dragons batting - Pitching for Peoria Chiefs : RHP Gareth Haigh
Batting: RHB Juan Zamora 0-0: Ground out 6-3 (Groundball, 6M, EV 88.1 MPH)
Batting: RHB Ernie Maldonado 0-0: Called Strike
0-1: Ball
1-1: Swinging Strike
1-2: Strikes out swinging
Batting: RHB Yutaka Sato 0-0: Ball
1-0: Ground out 6-3 (Groundball, 6, EV 88.1 MPH)
Top of the 5th over - 0 runs, 0 hits, 0 errors, 0 left on base; Dayton 0 - Peoria 0
BOTTOM OF THE 5TH
Peoria Chiefs batting - Pitching for Dayton Dragons : LHP Josue Silva
Batting: RHB Richard Riggs 0-0: Foul Ball, location: 2F
0-1: DOUBLE (Line Drive, 89D, EV 111.2 MPH)
Batting: LHB Dana McDonald 0-0: Ball
1-0: Foul Ball, location: 2F
1-1: Ball
2-1: Foul Ball, location: 2F
2-2: Strikes out swinging
Pitching: RHP Amador Sadaba
Batting: LHB Tsutomu Miyahara 0-0: Ball
1-0: Ball
2-0: Swinging Strike
2-1: Ball
3-1: Base on Balls
Batting: RHB Tommy Tracy 0-0: Ball
1-0: Ball
2-0: Ball
3-0: Called Strike
3-1: SINGLE (Groundball, 6MD, EV 100.6 MPH)
Richard Riggs to third
Tsutomu Miyahara to second
Batting: RHB Jonathan Davis 0-0: Foul Ball, location: 2F
0-1: SINGLE (Flyball, 7LM, EV 99.4 MPH)
Richard Riggs scores
Tsutomu Miyahara to third
Tommy Tracy to second
Batting: SHB Gerardo Macias 0-0: Ball
1-0: Called Strike
1-1: Swinging Strike
1-2: Foul Ball, location: 2F
1-2: Ball
2-2: Ball
3-2: GRAND SLAM HOME RUN (Flyball, 9LD, EV 95.0 MPH), Distance : 345 ft
Pitching: RHP Aaron McArdle
Batting: RHB Kalidas Mishra 0-0: Called Strike
0-1: Fly out, F7 (Flyball, 7, EV 95.0 MPH)
Batting: RHB Edgar Landim 0-0: SINGLE (Line Drive, 78S, EV 108.1 MPH)
Batting: RHB Josh Broome 0-0: Ball
1-0: Ball
2-0: Ball
3-0: Called Strike
3-1: Base on Balls
Edgar Landim to second
Batting: RHB Richard Riggs 0-0: Called Strike
0-1: Ground out U3 (Groundball, 34S, EV 83.8 MPH)
Bottom of the 5th over - 5 runs, 5 hits, 0 errors, 2 left on base; Dayton 0 - Peoria 5
TOP OF THE 6TH
Dayton Dragons batting - Pitching for Peoria Chiefs : RHP Gareth Haigh
Batting: LHB Matt Kennedy 0-0: Ball
1-0: Called Strike
1-1: Foul Ball, location: 2F
1-2: Foul Ball, location: 2F
1-2: SINGLE (Line Drive, 78S, EV 100.6 MPH)
Batting: LHB Leo Gomez 0-0: Called Strike
0-1: Swinging Strike
0-2: Ball
1-2: Ball
2-2: Ball
3-2: Base on Balls
Matt Kennedy to second
Batting: LHB Chris Redhead 0-0: Ball
1-0: Swinging Strike
1-1: Ball
2-1: Ball
Wild Pitch!
Matt Kennedy to third
Leo Gomez to second
3-1: Base on Balls
Batting: RHB Mark Williams 0-0: Called Strike
0-1: Foul Ball, location: 2F
0-2: Grounds into double play, 6-4-3 (Groundball, 56, EV 102.5 MPH)
Matt Kennedy scores
Leo Gomez to third
Batting: RHB Chris Zamora 0-0: Swinging Strike
0-1: Ground out 6-3 (Groundball, 6, EV 83.1 MPH)
Top of the 6th over - 1 run, 1 hit, 0 errors, 1 left on base; Dayton 1 - Peoria 5
BOTTOM OF THE 6TH
Peoria Chiefs batting - Pitching for Dayton Dragons : RHP Aaron McArdle
Batting: LHB Dana McDonald 0-0: Foul Ball, location: 2F
0-1: Called Strike
0-2: Ball
1-2: SINGLE (Flyball, 6D, EV 90.0 MPH)
Batting: LHB Tsutomu Miyahara 0-0: Ball
1-0: Ball
Dana McDonald steals 2nd base
2-0: Called Strike
2-1: Foul Ball, location: 2F
2-2: Foul Ball, location: 2F
2-2: Ball
3-2: Base on Balls
Batting: RHB Tommy Tracy 0-0: Called Strike
0-1: Fly out, F7 (Line Drive, 7S, EV 92.5 MPH)
Batting: RHB Jonathan Davis 0-0: Called Strike
0-1: Ball
1-1: Ball
2-1: Ground out 3-1 (Groundball, 34S, EV 68.1 MPH)
Dana McDonald to third
Tsutomu Miyahara to second
Pitching: RHP Jose Marrero
Batting: SHB Gerardo Macias 0-0: Called Strike
0-1: Foul Ball, location: 2F
0-2: Strikes out swinging
Bottom of the 6th over - 0 runs, 1 hit, 0 errors, 2 left on base; Dayton 1 - Peoria 5
TOP OF THE 7TH
Dayton Dragons batting - Pitching for Peoria Chiefs : RHP Gareth Haigh
Batting: LHB Ray Walden 0-0: Ball
1-0: Ball
2-0: Called Strike
2-1: Ball
3-1: Called Strike
3-2: Foul Ball, location: 2F
3-2: Strikes out swinging
Batting: RHB Juan Zamora 0-0: Called Strike
0-1: Ball
1-1: Fly out, F7 (Flyball, 7D, EV 102.5 MPH)
Batting: RHB Ernie Maldonado 0-0: Ball
1-0: SINGLE (Groundball, 25, EV 66.9 MPH) (infield hit)
Batting: RHB Yutaka Sato 0-0: Ball
1-0: Ball
2-0: Called Strike
2-1: TRIPLE (Line Drive, 9LD, EV 101.2 MPH)
Ernie Maldonado scores
Batting: LHB Matt Kennedy 0-0: Ball
1-0: Ball
2-0: Foul Ball, location: 2F
2-1: SINGLE (Line Drive, 78S, EV 106.9 MPH)
Yutaka Sato scores
Batting: LHB Leo Gomez 0-0: Ball
1-0: SINGLE (Line Drive, 6D, EV 98.1 MPH)
Matt Kennedy to second
Batting: LHB Chris Redhead 0-0: Fly out, F8 (Flyball, 89D, EV 97.5 MPH)
Top of the 7th over - 2 runs, 4 hits, 0 errors, 2 left on base; Dayton 3 - Peoria 5
BOTTOM OF THE 7TH
Peoria Chiefs batting - Pitching for Dayton Dragons : RHP Jose Marrero
Batting: RHB Kalidas Mishra 0-0: Ball
1-0: Fly out, F4 (Popup, 34, EV 80.0 MPH)
Batting: RHB Edgar Landim 0-0: Called Strike
0-1: Swinging Strike
0-2: SINGLE (Line Drive, 78S, EV 99.4 MPH)
Batting: RHB Josh Broome 0-0: Ball
1-0: TRIPLE (Flyball, 78XD, EV 98.1 MPH)
Edgar Landim scores
Batting: RHB Richard Riggs 0-0: Ball
1-0: Ball
2-0: Foul Ball, location: 2F
2-1: Foul Ball, location: 2F
2-2: Ball
3-2: 2-RUN HOME RUN (Flyball, 7D, EV 100.6 MPH), Distance : 370 ft
Pitching: RHP Jalen Patterson
Batting: LHB Dana McDonald 0-0: Foul Ball, location: 2F
0-1: SOLO HOME RUN (Line Drive, 9D, EV 96.9 MPH), Distance : 378 ft
Batting: LHB Tsutomu Miyahara 0-0: Ball
1-0: SINGLE (Line Drive, 8LS, EV 94.4 MPH)
Batting: RHB Tommy Tracy 0-0: Called Strike
0-1: Ball
Tsutomu Miyahara steals 2nd base (no throw)
1-1: Swinging Strike
1-2: Ball
2-2: Foul Ball, location: 2F
2-2: SINGLE (Groundball, 56D, EV 97.5 MPH)
Tsutomu Miyahara to third
Runner from 3rd tries for Home, throw by LF and OUT! 7-2
Tommy Tracy to second
Batting: RHB Jonathan Davis 0-0: TRIPLE (Line Drive, 7D, EV 107.5 MPH)
Tommy Tracy scores
Batting: SHB Gerardo Macias 0-0: Called Strike
0-1: Foul Ball, location: 2F
0-2: Foul Ball, location: 2F
0-2: Foul Ball, location: 2F
0-2: Strikes out swinging
Bottom of the 7th over - 5 runs, 7 hits, 0 errors, 1 left on base; Dayton 3 - Peoria 10
TOP OF THE 8TH
Dayton Dragons batting - Pitching for Peoria Chiefs : RHP Gareth Haigh
Batting: RHB Mark Williams 0-0: Foul Ball, location: 2F
0-1: Swinging Strike
0-2: Foul Ball, location: 2F
0-2: Strikes out swinging
Pitching: LHP Chris Morales
Batting: RHB Chris Zamora 0-0: Ball
1-0: Ball
2-0: Swinging Strike
2-1: Swinging Strike
2-2: Ball
3-2: Foul Ball, location: 2F
3-2: Strikes out looking
Pinch Hitting: RHB Jake Savell 0-0: Ball
1-0: Called Strike
1-1: Foul Ball, location: 2F
1-2: Strikes out looking
Top of the 8th over - 0 runs, 0 hits, 0 errors, 0 left on base; Dayton 3 - Peoria 10
BOTTOM OF THE 8TH
Peoria Chiefs batting - Pitching for Dayton Dragons : RHP Jalen Patterson
Now at 1B: Jake Savell
Batting: RHB Kalidas Mishra 0-0: Ball
1-0: Ball
2-0: Ball
3-0: Called Strike
3-1: SINGLE (Line Drive, 89S, EV 109.4 MPH)
Batting: RHB Edgar Landim 0-0: Ball
1-0: Fielders Choice at 2nd, 6-4 (Groundball, 6, EV 91.9 MPH)
Batting: RHB Josh Broome 0-0: Called Strike
0-1: Ball
1-1: Foul Ball, location: 2F
1-2: SINGLE (Groundball, 56D, EV 110.0 MPH)
Edgar Landim to second
Batting: RHB Richard Riggs 0-0: Ball
1-0: Foul Ball, location: 2F
1-1: Called Strike
1-2: Ball
2-2: Fly out, F7 (Flyball, 78D, EV 101.2 MPH)
Pitching: RHP Ken Armstrong
Batting: LHB Dana McDonald 0-0: Ball
1-0: Ball
2-0: Ball
Passed Ball!
Edgar Landim to third
Josh Broome to second
3-0: Base on Balls
Batting: LHB Tsutomu Miyahara 0-0: Called Strike
0-1: Foul Ball, location: 2F
0-2: Ball
1-2: Strikes out swinging
Bottom of the 8th over - 0 runs, 2 hits, 0 errors, 3 left on base; Dayton 3 - Peoria 10
TOP OF THE 9TH
Dayton Dragons batting - Pitching for Peoria Chiefs : LHP Chris Morales
Batting: RHB Juan Zamora 0-0: Called Strike
0-1: Called Strike
0-2: Ball
1-2: Foul Ball, location: 2F
1-2: Foul Ball, location: 2F
1-2: Strikes out swinging
Batting: RHB Ernie Maldonado 0-0: Ground out 6-3 (Groundball, P, EV 83.1 MPH)
Batting: RHB Yutaka Sato 0-0: Called Strike
0-1: Foul Ball, location: 2F
0-2: Ball
1-2: Foul Ball, location: 2F
1-2: Ball
2-2: Foul Ball, location: 2F
2-2: Strikes out swinging, 2-3 out at first.
Top of the 9th over - 0 runs, 0 hits, 0 errors, 0 left on base; Dayton 3 - Peoria 10
Tuesday, March 28th , 2023 - OOTP Baseball 23.10 Build 110